Unix NetHack Version 5.0.0-0 post-release - last build May 10 2026 23:12:36 (d1fa5d53e341ca933230fdaa984d921c805b60aa,branch:main).

Game began 2026-05-14 14:04:13, ended 2026-05-14 14:12:02.

IanCurtis, chaotic male elven Wizard

                                                           -------------
                                                          #-...........|
                                                          #|...........|
                                                    #######.....<......|
                              ------  ############### #####|......)....|
                     #        .....|  # ---------    ##    |...........|
               ------.--      |....| ## |....>..|    #####`|...........|
               |.......|      |....| #  |.......|#####     ---|---------
   ------      |........######.....| # #........|#   #        #
   |%..%..#@###|.......|      |.^*..####|........#####        ####
   |!%%       #...^...(+      ------    ---------#               ##
   |           ---------                  #*######                ###
                                                       #####################
                                                                    ####   #
                                                                     --.---.-
                                                                     |......|
                                                                     |>.....|
                                                                     |......|
                                                                     --------

IanCurtis the Conjurer    St:9 Dx:18 Co:12 In:20 Wi:8 Ch:10  Chaotic
Dlvl:3  $:0  HP:0(20) Pw:6(23) AC:9  Xp:3 T:1721  Blind

Latest messages:
 What do you want to read? [ijlmquzA-C or ?*] C
 You begin to memorize the runes.
 You hear someone cursing shoplifters.
 You add "protection" to your repertoire, as 'c'.
 A trap door opens up under you!
 You climb up the stairs.
 In what direction? j
 The spell hits the acid blob!
 You kill the acid blob!
 The orc zombie hits!
 You destroy the orc zombie!
 You destroy the orc zombie!
 In what direction? h
 The spell misses the yellow mold.
 You hear a crashing sound.
 Kediri appears close by!
 Kediri shouts:
 "Who dared destroy my door?"
 Kediri zaps a wand of magic missile!
 The magic missile misses the yellow mold.
 The magic missile whizzes by you!
 The magic missile whizzes by you!
 Kediri zaps a wand of magic missile!
 The yellow mold is killed by the magic missile!
 The magic missile hits you!
 The missiles bounce off!
 What do you want to zap? [c or ?*] c
 In what direction? h
 The magic missile hits Kediri!
 The magic missile hits the small mimic.
 The magic missile hits the large mimic.
 What do you want to zap? [c or ?*] c
 In what direction? h
 The magic missile hits Kediri.
 The magic missile hits the small mimic!
 The magic missile hits the large mimic!
 Kediri hurls an orange potion!
 The flagon crashes on your head and breaks into shards.
 The orange potion evaporates.
 It suddenly gets dark.
 It hits!
 It hits again!
 In what direction? h
 The spell misses it.
 The spell hits it!
 The spell misses it.
 It hits!
 You die...
 Kediri takes all your possessions.
 Do you want to see what you had when you died? [ynq] (y) q

Inventory:
 Weapons  (')')
  a - a blessed +1 quarterstaff (weapon in hands)
 Armor    ('[')
  b - an uncursed +0 cloak of magic resistance (being worn)
 Comestibles  ('%')
  w - 2 uncursed cram rations
  y - an uncursed cream pie
  t - 3 uncursed food rations
 Scrolls  ('?')
  B - an uncursed scroll of confuse monster
  u - an uncursed scroll of destroy armor
  A - an uncursed scroll of enchant armor
  q - an uncursed scroll of enchant weapon
  i - an uncursed scroll of identify
  j - an uncursed scroll of light
  z - a cursed scroll of remove curse
 Spellbooks  ('+')
  m - an uncursed spellbook of detect food
  l - a blessed spellbook of force bolt
  C - an uncursed spellbook of protection
 Potions  ('!')
  x - a blessed potion of healing
  f - 4 uncursed potions of healing
  g - an uncursed potion of invisibility
  h - an uncursed potion of see invisible
 Rings    ('=')
  d - an uncursed +1 ring of increase damage
  e - an uncursed ring of poison resistance
 Wands    ('/')
  c - a wand of magic missile (0:2)
 Tools    ('(')
  o - an uncursed tooled horn
  k - an uncursed lock pick
  n - a magic marker (0:20)

IanCurtis the Wizard's attributes:

Background:
 You were a Conjurer, a level 3 male elven Wizard.
 You were chaotic, nominally on a mission for Anhur
 who was opposed by Ptah (lawful) and Thoth (neutral).
 You were right-handed.
 You were in the Dungeons of Doom, on level 3.
 You entered the dungeon 1721 turns ago.
 You had 72 experience points, 8 more were needed to attain level 4.

Basics:
 You had 0 out of 20 hit points.
 You had 6 out of 23 energy points (spell power).
 Your armor class was 9.
 Your wallet was empty.
 Autopickup was off.

Final Characteristics:
 Your strength was 9 (limit:18).
 Your dexterity was 18 (limit:18).
 Your constitution was 12 (limit:16).
 Your intelligence was 20 (limit:20).
 Your wisdom was 8 (limit:20).
 Your charisma was 10 (limit:18).

Final Status:
 You were temporarily blind.
 You weren't hungry.
 You were unencumbered.
 You were wielding a quarterstaff.
 You had basic skill with quarterstaff.

Final Attributes:
 You were devoutly aligned.
 You were magic-protected.
 You had infravision.
 You were warded.
 You are dead.

Miscellaneous:
 You didn't encounter any bones levels.
 Total elapsed playing time was 7 minutes and 49 seconds.

Major events:
 Turn
    1: IanCurtis the chaotic male elven Wizard entered the dungeon
 1440: attained the rank of Conjurer (level 3)
 1721: killed by Ms. Kediri; the shopkeeper

Spells:
 Name                 Level Category     Fail Retention
 force bolt             1   attack         0%  91%-100%
 detect food            2   divination    27%  76%-100%
 protection             1   clerical       0%  76%-100%

Skills:
 Fighting Skills
   bare handed combat [Unskilled]
   riding             [Unskilled]
 Weapon Skills
   dagger             [Unskilled]
   knife              [Unskilled]
   axe                [Unskilled]
   short sword        [Unskilled]
   club               [Unskilled]
   mace               [Unskilled]
   quarterstaff       [Basic]
   polearms           [Unskilled]
   spear              [Unskilled]
   trident            [Unskilled]
   sling              [Unskilled]
   dart               [Unskilled]
   shuriken           [Unskilled]
 Spellcasting Skills
   attack spells      [Basic]
   healing spells     [Unskilled]
   divination spells  [Unskilled]
   enchantment spells [Basic]
   clerical spells    [Unskilled]
   escape spells      [Unskilled]
   matter spells      [Unskilled]

Voluntary challenges:
 Character rerolling was not enabled.
 You followed a strict vegan diet.
 You were an atheist.
 You never genocided any monsters.
 You never polymorphed an object.
 You never changed form.
 You used no wishes.
Achievement:
 You attained the rank of Conjurer.

 The Dungeons of Doom: levels 1 to 4
    Level 1: "vault"
    Level 2:
    Level 3: <- You were here.
       Final resting place for
          you, killed by Ms. Kediri; the shopkeeper.
    Level 4:
       A sink.


Vanquished creatures:
  a floating eye
  a kitten
  a homunculus
  a giant bat
  2 orc zombies
 an acid blob
  2 manes
  2 yellow molds
  a red mold
  3 jackals
  a fox
  a kobold
  a goblin
  a grid bug
  2 newts
21 creatures vanquished.

No species were genocided or became extinct.

Game over:
                       ----------
                      /          \
                     /    REST    \
                    /      IN      \
                   /     PEACE      \
                  /                  \
                  |    IanCurtis     |
                  |       0 Au       |
                  |  killed by Ms.   |
                  |   Kediri; the    |
                  |    shopkeeper    |
                  |                  |
                  |       2026       |
                 *|     *  *  *      | *
        _________)/\\_//(\/(/\)/\//\/|_)_______

Goodbye IanCurtis the Wizard...

You died in The Dungeons of Doom on dungeon level 3 with 438 points,
and 0 pieces of gold, after 1721 moves.
You were level 3 with a maximum of 20 hit points when you died.

